 Dungeon Crawl Stone Soup version 0.29-a0-375-g5102b3be25 (webtiles) character file.

Game seed: 11990943580554076484

459 spaghetti the Basher (level 7, -2/37 (50) HPs)
             Began as a Gnoll Wanderer on May 3, 2022.
             Slain by Edmund
             ... wielding a +4 flail of draining
              (5 damage)
             ... on level 4 of the Dungeon.
             The game lasted 00:08:15 (3900 turns).

spaghetti the Basher (Gnoll Wanderer)               Turns: 3900, Time: 00:08:15

HP:   -2/37 (50)    AC: 11    Str: 21 (23) XL:     7   Next: 6%
MP:   10/10         EV: 10    Int:  9 (10) God:
Gold: 180           SH:  0    Dex:  8 (9)  Spells: 10/10 levels left

rFire   . . .      SeeInvis .   a - +0 flail {mace}
rCold   . . .      Faith    .   (no shield)
rNeg    . . .      Spirit   .   c - +0 scale mail
rPois   .          Reflect  .   v - +0 helmet
rElec   .          Harm     .   (no cloak)
rCorr   .          Rampage  .   (no gloves)
Will    .....                   (no boots)
Stlth   ..........              (no amulet)
HPRegen 0.12/turn               r - +6 ring of strength
MPRegen 0.12/turn               (no ring)

@: hasted, very heavily drained, invisible, very quick
A: fangs 1, strong nose, distributed training, iridescent scales 1,
deterioration 1
a: no special abilities


You were on level 4 of the Dungeon.
You visited 1 branch of the dungeon, and saw 4 of its levels.

You collected 180 gold pieces.


Innate Abilities, Weirdness & Mutations

You have very sharp teeth.
Your uncanny sense of smell can sniff out nearby items.
Your experience applies equally to all skills.
You are partially covered in iridescent scales. (AC +2)
Your body sometimes deteriorates upon taking damage.


   Skills:
 + Level 2.2 Fighting
 + Level 2.2 Short Blades
 + Level 2.2 Long Blades
 + Level 2.2 Axes
 + Level 10.7 Maces & Flails
 + Level 2.2 Polearms
 + Level 2.2 Staves
 + Level 2.2 Slings
 + Level 2.2 Bows
 + Level 3.4 Crossbows
 + Level 2.2 Throwing
 + Level 8.8 Armour
 + Level 2.2 Dodging
 + Level 2.2 Stealth
 + Level 2.2 Shields
 + Level 2.2 Unarmed Combat
 + Level 2.2 Spellcasting
 + Level 1.8 Conjurations
 + Level 1.8 Hexes
 + Level 1.8 Summonings
 + Level 1.8 Necromancy
 + Level 1.8 Translocations
 + Level 1.8 Transmutations
 + Level 1.8 Fire Magic
 + Level 1.8 Ice Magic
 + Level 1.8 Air Magic
 + Level 1.8 Earth Magic
 + Level 1.8 Poison Magic
 + Level 2.5 Invocations
 + Level 2.2 Evocations


You had 10 spell levels left.
You didn't know any spells.
Your spell library contained the following spells:

 Spells                   Type           Power      Damage    Failure   Level
 Animate Skeleton         Necr           8%         N/A       36%         1
 Apportation              Tloc           8%         N/A       36%         1
 Summon Small Mammal      Summ           16%        N/A       36%         1
 Alistair's Intoxication  Tmut/Pois      2%         N/A       100%        5

Inventory:

Hand Weapons
 a - a +0 flail (weapon) {mace}
 b - a +0 hand crossbow {crossbow}
 g - a +2 scythe of pain {polearm}
   (You took it off Sigmund on level 2 of the Dungeon)
 s - a +0 morningstar of holy wrath {mace}
   (You took it off an orc on level 2 of the Dungeon)
 t - a +3 dagger {short}
   (You took it off a goblin on level 2 of the Dungeon)
 w - a +0 dagger of flaming {short}
   (You took it off an orc wizard on level 3 of the Dungeon)
Missiles
 e - 111 stones {throwing}
 u - 5 poisoned darts {throwing}
Armour
 c - a +0 scale mail (worn)
 v - a +0 helmet (worn)
   (You took it off Robin on level 3 of the Dungeon)
Magical Staves
 l - a staff of cold {!astaff}
   (You found it on level 1 of the Dungeon)
Jewellery
 r - a +6 ring of strength (left hand)
   (You found it on level 2 of the Dungeon)
Scrolls
 d - a scroll of fog {unknown}
 f - a scroll of teleportation {unknown}
 h - 2 scrolls of identify {unknown}
 i - a scroll of amnesia {unknown}
 n - a scroll of immolation {unknown}
Potions
 o - a potion of attraction {unknown}
 p - a potion of berserk rage {unknown}
 q - a potion of cancellation {unknown}
 x - a potion of flight {unknown}

Dungeon Overview and Level Annotations

Branches:
Dungeon (4/15)
 Temple: D:4-7

Altars:
Kikubaaqudgha
Vehumet

Annotations:
D:4 Edmund

... ∆ ###..# ....#
. .# #.#.####.. ∆
... #......... ....
#.........#
#.>.#####...###...#
#...........<.....#
#...#.@.##.####..##
# ##@###.# # #.#
#.# ∆ #.# #.# #:#
#.# #.# #.# ..# #.#
..#


You could see Edmund (can't see you).


Message History

You barely miss the bullfrog. The bullfrog completely misses you.
The bullfrog hits you but does no damage.
You hit the bullfrog. The bullfrog closely misses you.
You miss the bullfrog.
The bullfrog hits you but does no damage.
You closely miss the bullfrog.
The bullfrog hits you but does no damage. x2
You sock the bullfrog!
You kill the bullfrog!
You feel your dexterity returning.
You have reached level 7! 😕 HP[+6] MP[+1]
You now have 50 max hp (+6).
You regained 6 hp, and now have 47/50 hp.
Your mp is fully restored (10).
Unknown command.
You hit Edmund but do no damage.
Edmund hits you with a +4 flail of draining!
Your body deteriorates!
You feel weakened.
You feel drained. 😕 HP[-9]
You now have 48 max hp (-2).
You take 9 damage, and now have 38/48 hp.
Unknown command.
You barely miss Edmund. You barely miss Edmund.
Edmund hits you with a +4 flail of draining!
Your body deteriorates!
You feel dopey.
You feel drained. 😮 HP[-13]
You now have 47 max hp (-1).
You take 13 damage, and now have 25/47 hp.
MASSIVE DAMAGE!! (PAUSE) It was a potion of curing.
You feel better. Edmund closely misses you. 😮 HP[+7]
You regained 7 hp, and now have 32/47 hp.
You sock Edmund!
Edmund hits you with a +4 flail of draining!
* * * LOW HITPOINT WARNING * * *
You feel drained.
* * * LOW HITPOINT WARNING * * *
😨 HP[-14]
You now have 46 max hp (-1).
You take 14 damage, and now have 18/46 hp.
MASSIVE DAMAGE!! (PAUSE)
You feel better.
Edmund says, "People accused me of being a cutpurse!"
Edmund hits you but does no damage.
You feel drained. 😮 HP[+6]
You now have 45 max hp (-1).
You regained 6 hp, and now have 24/45 hp.
Unknown command.
You feel better. Edmund closely misses you. 😮 HP[+8]
You regained 8 hp, and now have 32/45 hp.
Unknown command.
Unknown command.
You barely miss Edmund.
Edmund hits you with a +4 flail of draining.
You feel drained. 😮 HP[-5]
You now have 44 max hp (-1).
You take 5 damage, and now have 27/44 hp.
It was a potion of haste.
You feel yourself speed up. Edmund hits you but does no damage.
You feel drained.
You now have 43 max hp (-1).
Unknown command.
It was a potion of invisibility.
You fade into invisibility!
Edmund barely misses you.
Okay, then.
You hit Edmund. 😮 HP[+1]
You closely miss Edmund. Your bite misses Edmund.
Edmund hits you but does no damage.
You feel drained.
You now have 41 max hp (-2).
Unknown command.
Unknown command.
You catch the helpless Edmund completely off-guard!
You hit Edmund. Your punch misses Edmund. You thump Edmund!
Your punch misses Edmund. You bite Edmund, but do no damage.
Edmund gestures with his flail.
Edmund hits you with a +4 flail of draining!
* * * LOW HITPOINT WARNING * * *
You feel drained.
* * * LOW HITPOINT WARNING * * *
😨 HP[-14]
You now have 39 max hp (-2).
You take 14 damage, and now have 14/39 hp.
MASSIVE DAMAGE!! (PAUSE) Unknown command.
You sock Edmund! You bite Edmund, but do no damage. You completely miss Edmund.
Edmund hits you with a +4 flail of draining!
* * * LOW HITPOINT WARNING * * *
You feel drained.
You die...

Skill      XL: |  1  2  3  4  5  6 |
---------------+-------------------+-----
Maces & Flails | | 10.7
Fighting       | 1 2 |  2.2
Short Blades   | 1 2 |  2.2
Long Blades    | 1 2 |  2.2
Axes           | 1 2 |  2.2
Polearms       | 1 2 |  2.2
Staves         | 1 2 |  2.2
Slings         | 1 2 |  2.2
Bows           | 1 2 |  2.2
Crossbows      | 3 |  3.4
Throwing       | 1 2 |  2.2
Dodging        | 1 2 |  2.2
Stealth        | 1 2 |  2.2
Shields        | 1 2 |  2.2
Unarmed Combat | 1 2 |  2.2
Spellcasting   | 1 2 |  2.2
Conjurations   | 1 |  1.8
Hexes          | 1 |  1.8
Summonings     | 1 |  1.8
Necromancy     | 1 |  1.8
Translocations | 1 |  1.8
Transmutations | 1 |  1.8
Fire Magic     | 1 |  1.8
Ice Magic      | 1 |  1.8
Air Magic      | 1 |  1.8
Earth Magic    | 1 |  1.8
Poison Magic   | 1 |  1.8
Invocations    | 1 2 |  2.5
Evocations     | 1 2 |  2.2
Armour         | |  8.8

Action                   |  1- 3 |  4- 6 |  7- 9 || total
-------------------------+-------+-------+-------++-------
Melee: Flail             |    33 |   105 |    11 ||   149
       Bite              |     1 |    10 |     2 ||    13
       Morningstar       |       |    15 |       ||    15
 Fire: Hand crossbow     |    63 |    85 |       ||   148
  Use: Potion            |     4 |       |     5 ||     9
 Stab: Invisible         |       |       |     1 ||     1
Armor: Scale mail        |    34 |    73 |     3 ||   110
       Skin              |     4 |    13 |       ||    17
Dodge: Dodged            |    28 |    77 |     3 ||   108

Levels and vault maps discovered:
D:1:      minmay_arrival_loop, layout_loops_ring, patterned_corridor
D:2:      layout_basic, basic_altar, minmay_tromino_v2, uniq_sigmund
D:3:      layout_loops_ring, nicolae_vehumet_altar_sigil, hex_medium, uniq_robin
D:4:      layout_loops_ring, grunt_decor_fettered, hangedman_minor_gate_pass,
          uniq_edmund

Notes
Turn   | Place    | Note
-------+----------+-------------------------------------------
     0 | D:1      | Reached skill level 10 in Maces & Flails
     0 | D:1      | spaghetti the Gnoll Wanderer began the quest for the Orb.
     0 | D:1      | spaghetti set off with the following items: a +0 flail
                  | {mace}, a +0 hand crossbow {crossbow}, a +0 scale mail, a
                  | potion of lignification {!q}
     0 | D:1      | Reached XP level 1. HP: 13/13 MP: 1/1
     0 | D:1      | magus.rc [v1.9.6]
   174 | D:1      | HP: 2/13 [dart slug/slug dart (3)]
   178 | D:1      | Reached XP level 2. HP: 3/19 MP: 2/2
   557 | D:1      | You pick up a book of Party Tricks and begin reading...
   557 | D:1      | You add the spells Apportation and Alistair's Intoxication
                  | to your library.
   787 | D:1      | Reached XP level 3. HP: 25/25 MP: 3/3
  1325 | D:2      | Noticed Sigmund
  1329 | D:2      | Gained mutation: You are partially covered in iridescent
                  | scales. (AC +2) [potion of mutation]
  1329 | D:2      | Gained mutation: Your body sometimes deteriorates upon
                  | taking damage. [potion of mutation]
  1347 | D:2      | Killed Sigmund
  1348 | D:2      | Reached skill level 1 in Fighting
  1348 | D:2      | Reached skill level 1 in Short Blades
  1348 | D:2      | Reached skill level 1 in Long Blades
  1348 | D:2      | Reached skill level 1 in Axes
  1348 | D:2      | Reached skill level 1 in Polearms
  1348 | D:2      | Reached skill level 1 in Staves
  1348 | D:2      | Reached skill level 1 in Slings
  1348 | D:2      | Reached skill level 1 in Bows
  1348 | D:2      | Reached skill level 3 in Crossbows
  1348 | D:2      | Reached skill level 1 in Throwing
  1348 | D:2      | Reached skill level 1 in Dodging
  1348 | D:2      | Reached skill level 1 in Stealth
  1348 | D:2      | Reached skill level 1 in Shields
  1348 | D:2      | Reached skill level 1 in Unarmed Combat
  1348 | D:2      | Reached skill level 1 in Spellcasting
  1348 | D:2      | Reached skill level 1 in Conjurations
  1348 | D:2      | Reached skill level 1 in Hexes
  1348 | D:2      | Reached skill level 1 in Summonings
  1348 | D:2      | Reached skill level 1 in Necromancy
  1348 | D:2      | Reached skill level 1 in Translocations
  1348 | D:2      | Reached skill level 1 in Transmutations
  1348 | D:2      | Reached skill level 1 in Fire Magic
  1348 | D:2      | Reached skill level 1 in Ice Magic
  1348 | D:2      | Reached skill level 1 in Air Magic
  1348 | D:2      | Reached skill level 1 in Earth Magic
  1348 | D:2      | Reached skill level 1 in Poison Magic
  1348 | D:2      | Reached skill level 1 in Invocations
  1348 | D:2      | Reached skill level 1 in Evocations
  1348 | D:2      | Reached XP level 4. HP: 14/32 MP: 3/6
  1348 | D:2      | Reached XP level 5. HP: 16/37 MP: 3/7
  1588 | D:2      | Found an ancient bone altar of Kikubaaqudgha.
  2173 | D:3      | Noticed Robin
  2250 | D:2      | Reached skill level 2 in Invocations
  2250 | D:2      | Reached XP level 6. HP: 27/44 MP: 8/8
  2585 | D:3      | Reached skill level 2 in Fighting
  2585 | D:3      | Reached skill level 2 in Short Blades
  2585 | D:3      | Reached skill level 2 in Long Blades
  2585 | D:3      | Reached skill level 2 in Axes
  2585 | D:3      | Reached skill level 2 in Polearms
  2585 | D:3      | Reached skill level 2 in Staves
  2585 | D:3      | Reached skill level 2 in Slings
  2585 | D:3      | Reached skill level 2 in Bows
  2585 | D:3      | Reached skill level 2 in Throwing
  2585 | D:3      | Reached skill level 2 in Dodging
  2585 | D:3      | Reached skill level 2 in Stealth
  2585 | D:3      | Reached skill level 2 in Shields
  2585 | D:3      | Reached skill level 2 in Unarmed Combat
  2585 | D:3      | Reached skill level 2 in Spellcasting
  2585 | D:3      | Reached skill level 2 in Evocations
  3099 | D:3      | Killed Robin
  3183 | D:3      | Found a radiant altar of Vehumet.
  3770 | D:3      | You pick up a book of Cantrips and begin reading...
  3770 | D:3      | You add the spells Animate Skeleton and Summon Small Mammal
                  | to your library.
  3873 | D:4      | Noticed Edmund
  3885 | D:4      | Reached XP level 7. HP: 47/50 MP: 10/10
  3900 | D:4      | HP: 3/39 [Edmund/+4 flail of draining (11)]
  3900 | D:4      | Slain by Edmund

Vanquished Creatures
  Sigmund (D:2)
  A bullfrog (D:4)
  2 orc priests (D:3)
  2 orc wizards
  Robin (D:3)
  2 adders
  A shadow imp (D:3)
  A dart slug (D:1)
  10 orcs
  5 ball pythons
  2 endoplasms
  4 giant cockroaches
  11 goblins
  14 hobgoblins
  3 jackals (D:3)
  3 quokkas
  5 bats
  3 frilled lizards
  3 kobolds
  9 rats
83 creatures vanquished.

Table legend:
 A = Non-vault XP
 B = Vault XP
 C = Vault XP percentage of total XP
 D = Non-vault monster count
 E = Vault monster count
 F = Vault count percentage of total count
                 A         B        C        D         E       F
            +---------+---------+-------+---------+---------+-------
      Total |     397 |     259 |  39.5 |      70 |      13 |  15.7
            +---------+---------+-------+---------+---------+-------
        D:1 |      39 |       0 |   0.0 |      25 |       0 |   0.0
        D:2 |      86 |     240 |  73.6 |      22 |      10 |  31.2
        D:3 |     182 |      19 |   9.5 |      22 |       3 |  12.0
        D:4 |      90 |       0 |   0.0 |       1 |       0 |   0.0
            +---------+---------+-------+---------+---------+-------

Illustrated notes

Table legend:
 A = Kills in this place as a percentage of kills in entire the game.
 B = Kills by you in this place as a percentage of kills by you in the entire game.
 C = Kills by friends in this place as a percentage of kills by friends in the entire game.
 D = Other kills in this place as a percentage of other kills in the entire game.
 E = Experience gained in this place as a percentage of experience gained in the entire game.
 F = Experience gained in this place divided by the number of levels of this place that you have seen.
                   A       B       C       D       E      F
               +-------+-------+-------+-------+-------+----------------------
         Total | 100.0 | 100.0 |   N/A |   N/A | 100.0 | 164.0
       Dungeon | 100.0 | 100.0 |   N/A |   N/A | 100.0 | 164.0
               +-------+-------+-------+-------+-------+----------------------

Table legend: (Time is in decaauts)
 A = Elapsed time spent in this place.
 B = Non-inter-level travel time spent in this place.
 C = Inter-level travel time spent in this place.
 D = Time resting spent in this place.
 E = Time spent auto-exploring this place.
 F = Levels seen in this place.
 G = Mean time per level.
                   A        B        C        D        E       F      G
               +--------+--------+--------+--------+--------+-----+--------+
         Total |   3934 |   3719 |    215 |   1069 |   2034 |   4 |  983.5 |
       Dungeon |   3934 |   3719 |    215 |   1069 |   2034 |   4 |  983.5 |
               +--------+--------+--------+--------+--------+-----+--------+

Top non-repeatable levels by time:
     D:2: 1561 daAuts
     D:1: 1331 daAuts
     D:3: 1009 daAuts
     D:4: 31 daAuts
